AoeStats
← Belgianwafflelegend69

Nomad

503419801Analyzed
2v2 RM · 1mo ago on Aug 31, 2026· 49m 14s· 4 players
Game mode
Random Map
Map size
176×176
Population
200
Speed
Normal
Resources
Standard
Victory
Conquest
Starting age
Dark Age
Ending age
Imperial Age
RankedLock teamsTeams togetherTeam positionsShared explorationLock speedFull tech treeHidden civsTurbo modeCheats
Victory
Defeat
1022
+14
🇧🇪 Malians · Belgium
972
+16
🇨🇳 Bohemians · China
996
-16
🇦🇷 Koreans · Argentina
952
-14
Zarathustra
3:51 Loom
4:52 Loom
16:14 Feudal Age
16:43 Double-Bit Axe
18:30 Man-at-Arms
20:46 Arson
21:04 Gold Mining
23:07 Fishing Lines
26:08 Castle Age
24:21 Stone Mining
31:25 Town Watch
33:14 Horse Collar
36:24 Wheelbarrow
36:47 Long Swordsman
37:28 Squires
38:15 Medium Warships
39:21 Fletching
39:48 Heavy Plow
40:15 Scale Mail Armor
41:44 Forging
42:12 Chain Mail Armor
43:45 Bow Saw
44:03 Bodkin Arrow
46:02 Hand Cart
45:13 Elite Skirmisher
46:50 Iron Casting
51:00 Imperial Age
50:04 Gold Shaft Mining
50:04 Stone Shaft Mining
Belgianwafflelegend69
3:53 Loom
4:20 Loom
4:59 Loom
12:39 Double-Bit Axe
14:37 Feudal Age
14:38 Wheelbarrow
15:43 Bow Saw
15:26 Gold Mining
15:36 Fishing Lines
16:39 Town Watch
18:12 Gold Shaft Mining
17:52 Fletching
19:50 Horse Collar
22:37 Castle Age
20:49 Scale Barding Armor
25:25 Husbandry
26:44 Hand Cart
27:30 Forging
27:36 Cavalier
32:26 Town Patrol
34:03 Iron Casting
35:31 Chain Barding Armor
35:06 Bodkin Arrow
39:22 Imperial Age
38:27 Stone Mining
39:07 Burgundian Vineyards
40:41 Conscription
42:06 Plate Barding Armor
42:41 Blast Furnace
42:25 Stone Shaft Mining
42:48 Heavy Plow
45:22 Padded Archer Armor
45:12 Paladin
47:54 Chemistry
47:35 Leather Archer Armor
OayiZ
5:00 Loom
16:41 Feudal Age
17:17 Double-Bit Axe
20:00 Fletching
23:59 Castle Age
22:45 Fishing Lines
24:52 Medium Warships
25:22 Wheelbarrow
25:00 Bow Saw
24:48 Bodkin Arrow
27:03 Hand Cart
29:41 Pikeman
32:00 Gillnets
35:17 Imperial Age
32:51 Squires
33:30 Fervor
33:41 Sanctity
33:57 Forging
33:47 Scale Mail Armor
35:21 Chemistry
35:20 Iron Casting
37:08 Two-Man Saw
35:53 Halberdier
37:37 Blast Furnace
37:03 Chain Mail Armor
37:13 Conscription
36:58 Murder Holes
37:41 Bracer
38:39 Ballistics
41:16 Crossbowman
43:06 Plate Mail Armor
42:46 Wagenburg Tactics
42:37 Arbalester
47:31 Padded Archer Armor
48:32 Leather Archer Armor
TurcoMenem
5:52 Loom
14:04 Feudal Age
21:59 Castle Age
20:25 Fletching
23:09 Horse Collar
23:55 Double-Bit Axe
23:42 Crossbowman
Connection lost

Rejoining the realm…

Still unreachable

The connection could not be restored.

Session expired

The server has moved on; the page needs a fresh start.